 Dungeon Crawl Stone Soup version 0.23-a0-473-gc8aadda (webtiles) character file.

422 Amnesiac the Digger (level 6, 24/24 HPs)
             Began as a Felid Earth Elementalist on Nov 27, 2018.
             Was a Believer of Ashenzari.
             Quit the game on level 4 of the Dungeon.
             The game lasted 00:12:41 (6534 turns).

Amnesiac the Digger (Felid Earth Elementalist)      Turns: 6534, Time: 00:12:42

Health: 24/24      AC:  2    Str:  4    XL:     6   Next: 63%
Magic:  13/13      EV: 19    Int: 22    God:    Ashenzari [**....]
Gold:   278        SH:  0    Dex: 16    Spells: 3/13 levels left
                                        Lives:  1   Deaths: 1

rFire    + . .     SeeInvis +     - Unarmed
rCold    . . .     Gourm    .   (shield unavailable)
rNeg     . . .     Faith    .   (armour unavailable)
rPois    .         Spirit   .   (helmet unavailable)
rElec    .         Reflect  .   (cloak unavailable)
rCorr    .         Harm     .   (gloves unavailable)
MR       .....                  (boots unavailable)
Stlth    ++++......             (no amulet)
HPRegen  0.08/turn              l - ring of stealth (curse)
MPRegen  0.13/turn              q - ring of Mat Joti {rF+ Int+3} (curse)

@: quick
A: very small, no armour, no weapons or thrown items, stealth, claws 1, fangs 3,
see invisible, carnivore, speed 1, shaggy fur 2, slow metabolism 1, sharp paws
a: Curse Item, Scrying, Renounce Religion


You were on level 4 of the Dungeon.
You worshipped Ashenzari.
Ashenzari was pleased with you.
You were not hungry.

You visited 2 branches of the dungeon, and saw 6 of its levels.
You also visited: Sewer.

You collected 278 gold pieces.

Inventory:

Missiles
 b - 78 stones
Jewellery
 e - an uncursed ring of magical power
 l - a cursed ring of stealth (left paw)
 q - the cursed ring of Mat Joti (right paw) {rF+ Int+3}
   (You found it on level 1 of the Dungeon)

   [ring of protection from fire]

   It affects your intelligence (+3).
   It protects you from fire.
   It has a curse placed upon it.
 r - a +3 ring of dexterity
 u - an uncursed ring of protection from magic
Wands
 w - a wand of flame (15)
Scrolls
 h - 2 scrolls of amnesia {!r}
 j - a scroll of remove curse {!r}
 m - 4 scrolls of teleportation {!r}
 v - a scroll of immolation {!r, unknown}
 x - a scroll of enchant armour {!r, unknown}
 y - a scroll of identify {!r}
Potions
 a - 2 potions of invisibility {!q}
 d - 3 potions of degeneration {!q, unknown}
 f - 2 potions of agility {!q}
 g - 3 potions of curing {!q, unknown}
 i - a potion of berserk rage {!q}
 k - a potion of brilliance {!q}
 o - a potion of ambrosia {!q, unknown}
 p - 2 potions of haste {!q}
 s - 2 potions of flight {!q}
 t - 2 potions of lignification {!q}
 z - a potion of heal wounds {!q}
Comestibles
 c - 11 rations


   Skills:
 - Level 3.6 Dodging
 - Level 4.0 Stealth
 + Level 2.8 Unarmed Combat
 + Level 4.3 Spellcasting
 - Level 1.1(2.0) Transmutations
 * Level 6.2(7.7) Earth Magic


You had 3 spell levels left.
You knew the following spells:

 Your Spells              Type           Power        Failure   Level  Hunger
a - Sandblast             Erth           #####.       1%          1    None
b - Passwall              Tmut/Erth      ####....     2%          2    #......
c - Stone Arrow           Conj/Erth      ###...       6%          3    ##.....
e - Petrify               Tmut/Erth      ####....     14%         4    ####...

Your spell library contained the following spells:

 Spells                   Type           Power        Failure   Level  Hunger
 Lee's Rapid Deconstruct  Erth           #####.....   13%         5    ######.


Dungeon Overview and Level Annotations

Branches:
Dungeon (5/15)             Temple (1/1) D:4

Altars:
Ashenzari
Cheibriados
Dithmenos
Fedhas
Gozag
Hepliaklqana
Kikubaaqudgha
Makhleb
Nemelex Xobeh
Okawaru
Qazlal
Ru
Trog
Uskayaw
Vehumet
Wu Jian
Xom
Yredelemnul
Zin

Annotations:
D:4 Edmund
D:5 Sigmund


Innate Abilities, Weirdness & Mutations

You cannot wear armour.
You are incapable of wielding weapons or throwing items.
Your paws allow you to move quietly. (Stealth)
You have sharp claws.
You have razor-sharp teeth.
You have supernaturally acute eyesight. (SInv)
You are carnivorous and can eat meat at any time.
You cover ground quickly.
You are covered in thick fur. (AC +2)
You have a slow metabolism.
Your sharp claws are effective at attacking unaware monsters.


Message History

Aiming: Petrify (safe; 14% risk of failure)
Press: ? - help, Shift-Dir - straight line, f - Edmund
Aim: Edmund, wielding a +0 dire flail of holy wrath and wearing a +2 ring mail Edmund resists with significant effort.
Edmund completely misses you.
You climb upwards.
There is a stone staircase leading down here.
Edmund hits you with a +0 dire flail of holy wrath!
Casting: Petrify (safe; 14% risk of failure)
Confirm with . or Enter, or press ? or * to list all spells.
Aiming: Petrify (safe; 14% risk of failure)
Press: ? - help, Shift-Dir - straight line, f - Edmund
Aim: Edmund, wielding a +0 dire flail of holy wrath and wearing a +2 ring mail Edmund resists with significant effort.
Edmund closely misses you.
Casting: Petrify (safe; 14% risk of failure)
Confirm with . or Enter, or press ? or * to list all spells.
Aiming: Petrify (safe; 14% risk of failure)
Press: ? - help, Shift-Dir - straight line, f/p - Edmund
Aim: Edmund, wielding a +0 dire flail of holy wrath and wearing a +2 ring mail Edmund resists with significant effort.
Unknown command.
Casting: Petrify (safe; 14% risk of failure)
Confirm with . or Enter, or press ? or * to list all spells.
Aiming: Petrify (safe; 14% risk of failure)
Press: ? - help, Shift-Dir - straight line, f/p - Edmund
Aim: Edmund, wielding a +0 dire flail of holy wrath and wearing a +2 ring mail Edmund resists with significant effort.
Edmund misses you.
Unknown command.
Casting: Petrify (safe; 14% risk of failure)
Confirm with . or Enter, or press ? or * to list all spells.
Aiming: Sandblast (safe; 1% risk of failure)
Press: ? - help, Shift-Dir - straight line, f/p - Edmund
Aim: Edmund, wielding a +0 dire flail of holy wrath and wearing a +2 ring mail The blast of sand hits Edmund.
Edmund is lightly wounded.
b - 78 stones Unknown command.
Items here: )))) [ a +0 scale mail; a +0 short sword x2; a +0 club; a +0 whip
Things that are here:
a +0 leather armour; 3 steel tomahawks; a +0 flail Edmund closely misses you.
Casting: Sandblast (safe; 1% risk of failure)
Confirm with . or Enter, or press ? or * to list all spells.
Aiming: Petrify (safe; 14% risk of failure)
Press: ? - help, Shift-Dir - straight line, f/p - Edmund
Aim: Edmund, wielding a +0 dire flail of holy wrath and wearing a +2 ring mail Edmund is moving more slowly.
Unknown command.
You catch the helpless Edmund completely off-guard!
You scratch Edmund.
Edmund is lightly wounded.
Edmund misses you.
You scratch Edmund but do no damage.
Edmund is lightly wounded.
Edmund hits you with a +0 dire flail of holy wrath!
You scratch Edmund but do no damage.
Edmund is lightly wounded.
Edmund hits you with a +0 dire flail of holy wrath!
Ouch! That really hurt!
You die...
You are now level 6!
You rejoin the land of the living...
Are you sure you want to abandon this character and quit the game? (Confirm

..............#...##.#.#.......#.
.......................#...######
.###.##..#.........#.#.#.........
.....................#...........
####.##.)#.#..#....#.#....###.###
# #.#####................###.# #
# #.# #....##..##.#........###
####.#####............######.....
................@.........>...#.#
####.#####....###.###.##.###..#.#
# #.....<....###.# #.##.# #..#.#
####.#####......#.# #..#.# #..#.#
#.............#.#.# ##.#.# #..#..
..............#.#.# #...# #..#..
≈≈...#+####..##.#.# ##..# #..#.#
§§≈.......##....#.#####..# #..#.#
≈≈≈≈......'...........#..# #..#.#


There were no monsters in sight!

Vanquished Creatures
  Eustachio (D:5)
  A scorpion (D:5)
  A howler monkey (D:4)
  4 crimson imps
  A bullfrog skeleton (D:5)
  A hound (D:4)
  An iguana (D:5)
  2 orc wizards (D:3)
  A worker ant (D:4)
  A hound zombie (D:5)
  8 adders
  A shadow imp (D:4)
  3 oozes
  An adder zombie (D:5)
  8 worms
  7 dart slugs
  6 leopard geckos
  15 orcs
  2 ball pythons
  12 bats
  11 giant cockroaches
  9 goblins
  8 hobgoblins
  19 jackals
  2 quokkas
  5 frilled lizards
  10 kobolds
  11 rats
152 creatures vanquished.

Notes
Turn   | Place    | Note
-------+----------+-------------------------------------------
     0 | D:1      | Amnesiac the Felid Earth Elementalist began the quest for
                  | the Orb.
     0 | D:1      | Reached XP level 1. HP: 7/7 MP: 4/4
   100 | D:1      | Reached skill level 3 in Earth Magic
   101 | D:1      | Reached XP level 2. HP: 11/11 MP: 0/6
   673 | D:2      | Reached XP level 3. HP: 10/14 MP: 7/7
   877 | D:5      | Entered Level 5 of the Dungeon
   929 | D:4      | Reached XP level 4. HP: 18/18 MP: 2/8
  1005 | D:4      | Reached skill level 4 in Earth Magic
  1122 | D:4      | Found a staircase to the Ecumenical Temple.
  1131 | Temple   | Entered the Ecumenical Temple
  1158 | Temple   | Became a worshipper of Ashenzari the Shackled
  1212 | D:4      | Learned a level 2 spell: Passwall
  1217 | D:4      | Found a glowing drain.
  1233 | Sewer    | Entered a sewer
  1377 | Sewer    | Reached XP level 5. HP: 19/21 MP: 10/10
  1753 | Sewer    | Learned a level 4 spell: Petrify
  1870 | Sewer    | Learned a level 3 spell: Stone Arrow
  2814 | D:1      | Identified the ring of Mat Joti {rF+ Int+3}
  3065 | D:1      | Reached * piety under Ashenzari
  3951 | D:2      | Found an opulent altar of Gozag.
  4651 | D:3      | Gained mutation: You are covered in thick fur. (AC +2)
                  | [Felid growth]
  4651 | D:3      | Reached XP level 6. HP: 18/24 MP: 3/11
  4682 | D:3      | Found a basalt altar of Yredelemnul.
  4779 | D:3      | Found a stormy altar of Qazlal.
  4779 | D:3      | Found a blossoming altar of Fedhas.
  5123 | D:3      | Reached skill level 5 in Earth Magic
  5130 | D:3      | Reached skill level 1 in Unarmed Combat
  5439 | D:3      | Found a hide-covered altar of Uskayaw.
  5439 | D:3      | Found a radiant altar of Vehumet.
  5439 | D:3      | Found an ancient bone altar of Kikubaaqudgha.
  5639 | D:4      | Reached ** piety under Ashenzari
  6066 | D:5      | Reached XP level 7. HP: 20/27 MP: 8/13
  6067 | D:5      | Noticed Eustachio
  6074 | D:5      | Killed Eustachio
  6163 | D:5      | Reached skill level 6 in Earth Magic
  6181 | D:5      | Found a sparkling altar of Nemelex Xobeh.
  6297 | D:5      | Noticed Sigmund
  6297 | D:5      | Noticed Edmund
  6533 | D:4      | Slain by Edmund
  6534 | D:4      | Reached XP level 6. HP: 0/24 MP: 1/13
  6534 | D:4      | Quit the game

Vault maps used:
D:1:      dpeg_arrival_renting, minivault_5, st_stairs_11,
          kennysheep_decorative_pillar
D:2:      lemuel_round_altar, first_ration
D:3:      nicolae_overflow_hidden_temple, yredelemnul_altar_generic
D:4:      minmay_temple_entry_mist, portal_sewer_entry_d, minmay_fountain_box
D:5:      nemelex_xobeh_ov_fountains_minmay, uniq_sigmund,
          uniq_crazy_yiuf_cottage, uniq_edmund, uniq_eustachio
Temple:   minmay_temple_bridge_abc
Sewer:    sewer_fruit_machine

Skill      XL: |  1  2  3  4  5  6  7 |
---------------+----------------------+-----
Earth Magic    | 3 4 5 6 |  6.2
Dodging        | 3 |  3.6
Stealth        | 3 4 |  4.0
Spellcasting   | 3 4 |  4.3
Unarmed Combat | 2 |  2.8
Transmutations | |  1.1

Action                   |  1- 3 |  4- 6 |  7- 9 || total
-------------------------+-------+-------+-------++-------
Melee: Unarmed           |    56 |   268 |     4 ||   328
       Bite              |     3 |    15 |       ||    18
 Cast: Sandblast         |    30 |    90 |    22 ||   142
       Passwall          |       |     6 |       ||     6
       Stone Arrow       |       |    30 |       ||    30
       Petrify           |       |     1 |     5 ||     6
Invok: Curse Item        |       |     2 |       ||     2
  Use: Potion            |       |     3 |       ||     3
       Scroll            |       |     7 |     1 ||     8
 Stab: Sleeping          |     3 |    19 |     1 ||    23
       Petrifying        |       |       |     1 ||     1
  Eat: Chunk             |     8 |    14 |     1 ||    23
Armor: Skin              |     2 |    21 |     1 ||    24
Dodge: Dodged            |    58 |   370 |    12 ||   440

Table legend:
 A = Non-vault XP
 B = Vault XP
 C = Vault XP percentage of total XP
 D = Non-vault monster count
 E = Vault monster count
 F = Vault count percentage of total count
                 A         B        C        D         E       F
            +---------+---------+-------+---------+---------+-------
      Total |     898 |     274 |  23.4 |     122 |      30 |  19.7
            +---------+---------+-------+---------+---------+-------
        D:1 |      39 |      10 |  20.4 |      20 |       6 |  23.1
        D:2 |     112 |       0 |   0.0 |      38 |       0 |   0.0
        D:3 |     173 |       0 |   0.0 |      34 |       0 |   0.0
        D:4 |     230 |      13 |   5.3 |      16 |       1 |   5.9
        D:5 |     344 |     181 |  34.5 |      14 |       1 |   6.7
      Sewer |       0 |      70 | 100.0 |       0 |      22 | 100.0
            +---------+---------+-------+---------+---------+-------
